 Dungeon Crawl Stone Soup version 0.29.1-2-gbd0b4ee654 (webtiles) character file.

Game seed: 2675252193564630522

1334 Godmorgon the Cudgeller (level 8, -12/64 HPs)
             Began as a Formicid Abyssal Knight on Oct 28, 2022.
             Was an Elder of Lugonu.
             Killed by divine providence
             ... invoked by an orc priest
              (14 damage)
             ... on level 7 of the Dungeon.
             The game lasted 00:28:12 (6736 turns).

Godmorgon the Cudgeller (Formicid Abyssal Knight)   Turns: 6736, Time: 00:28:12

Health: -12/64     AC:  9    Str: 20    XL:     8   Next: 92%
Magic:  20/20      EV: 10    Int: 10    God:    Lugonu [****..]
Gold:   516        SH:  0    Dex: 14    Spells: 7/7 levels left

rFire   . . .      SeeInvis +   a - +0 flail
rCold   + . .      Faith    .   (no shield)
rNeg    + . .      Spirit   .   o - +1 scale mail {rC+}
rPois   .          Reflect  .   (helmet unavailable)
rElec   .          Harm     .   (no cloak)
rCorr   .          Rampage  .   C - +0 pair of gloves
Will    .....                   z - +0 pair of boots
Stlth   ..........              (no amulet)
HPRegen 0.20/turn               t - ring of positive energy
MPRegen 0.17/turn               y - ring of magical power

@: no status effects
A: permanent stasis, dig shafts and tunnels, antennae 3, four strong arms
a: Dig, Shaft Self, Renounce Religion, Depart the Abyss, Bend Space, Banish,
Corrupt


You were on level 7 of the Dungeon.
You worshipped Lugonu.
Lugonu was greatly pleased with you.
You visited 1 branch of the dungeon, and saw 7 of its levels.
You visited the Abyss 1 time.
You also visited: Ossuary.

You collected 516 gold pieces.

Inventory:

Hand Weapons
 a - a +0 flail (weapon)
Missiles
 b - 24 stones
 p - 2 poisoned darts (quivered)
 I - 3 javelins
Armour
 o - a +1 scale mail of cold resistance (worn)
 z - a +0 pair of boots (worn)
 C - a +0 pair of gloves (worn)
Jewellery
 t - a ring of positive energy (left hand)
 x - a ring of fire
 y - a ring of magical power (right hand)
Scrolls
 d - 5 scrolls of enchant armour {unknown}
 e - 2 scrolls of poison {unknown}
 f - 3 scrolls of fear
 i - 3 scrolls of amnesia {unknown}
 k - a scroll of noise {unknown}
 m - a scroll of acquirement {unknown}
 n - 2 scrolls of blinking {unknown}
 r - a scroll of butterflies
 v - 2 scrolls of brand weapon {unknown}
 B - a scroll of teleportation {unknown}
 F - 2 scrolls of magic mapping {unknown}
 H - a scroll of enchant weapon {unknown}
 J - a scroll of summoning {unknown}
Potions
 c - 2 potions of cancellation {unknown}
 g - a potion of flight {unknown}
 j - 3 potions of mutation {unknown}
 l - 4 potions of curing {unknown}
 q - a potion of degeneration {unknown}
 u - a potion of resistance
 w - 2 potions of brilliance {unknown}
 A - 4 potions of magic
 D - 2 potions of ambrosia {unknown}
 E - 3 potions of attraction {unknown}
 G - a potion of invisibility {unknown}


   Skills:
 + Level 5.6 Fighting
 * Level 6.2 Maces & Flails
 * Level 5.6 Throwing
 - Level 2.1 Armour
 - Level 0.8 Dodging
 + Level 5.3 Invocations


You had 7 spell levels left.
You didn't know any spells.
Your spell library was empty.

Dungeon Overview and Level Annotations

Branches:
Dungeon (7/15)            Ossuary (visited)
 Temple: D:4-7

Altars:
Cheibriados
Dithmenos
Elyvilon
Makhleb
Okawaru
Qazlal
Ru
Zin

Shops:
D:3 =   D:5 :


Innate Abilities, Weirdness & Mutations

You cannot be hasted, slowed, berserked, paralysed or teleported.
You can dig through walls and to a lower floor.
You have a pair of large antennae on your head. (SInv)
Your four strong arms can wield two-handed weapons with a shield.


Message History

The orc priest's wounds heal themselves!
The orc priest closely misses you. The orc barely misses you.
You sock the orc priest!
The orc priest is severely wounded.
The orc misses you. The orc wizard completely misses you.
The orc priest misses you.
You hit the orc priest but do no damage.
The orc priest is severely wounded.
The orc priest hits you but does no damage.
The orc wizard hits you with a +0 dagger.
The orc priest hits you but does no damage.
The orc hits you from afar with a +0 trident.
You barely miss the orc priest.
The orc priest is severely wounded.
The orc priest calls down the wrath of Beogh upon you.
Beogh smites you!
The orc wizard hits you but does no damage.
The orc priest barely misses you. The orc barely misses you.
The orc wizard casts a spell at you. The puff of flame hits you!
* * * LOW HITPOINT WARNING * * *
The orc priest begins to cast a cantrip, but forgets the words!
The orc priest hits you with a +0 short sword.
* * * LOW HITPOINT WARNING * * *
The orc misses you.
You hit the orc wizard but do no damage.
The orc wizard is lightly wounded.
The orc priest hits you but does no damage.
The orc priest hits you with a +0 flail.
* * * LOW HITPOINT WARNING * * *
The orc barely misses you.
The orc wizard hits you with a +0 dagger.
* * * LOW HITPOINT WARNING * * *
Okay, then.
You sock the orc priest!
The orc priest is heavily wounded.
The orc hits you but does no damage.
The orc priest calls down the wrath of Beogh upon you.
Beogh smites you!
You die...

... #.. #.## ##..#
#..##...# #......# ###
#.)....#..
#...####.........
..........# ...#
..........# #..### .
....####o@# #....##..
.... #oo# #.#......
#..###os# ##.....#..
#......# #....# #..
##...(.### ###...# ...
#...(....###.....###...
#............###...#..#.
#.............#####......
.......#.......# ##.....


You could see a scorpion, 2 orc priests, an orc wizard (invisible) and an orc.

Vanquished Creatures
  Sigmund (D:3)
  Menkaure (D:5)
  A phantom (D:4)
  An elf zombie (Ossuary)
  A gnoll sergeant (D:6)
  A bullfrog (D:6)
  2 scorpions
  A jelly (D:5)
  3 orc priests
  3 hounds
  A human zombie (Ossuary)
  An iron imp (D:6)
  3 iguanas
  Jessica (D:2)
  A gnoll bouda (D:6)
  Terence (D:2)
  2 orc wizards
  4 mummies (Ossuary)
  5 adders
  A shadow imp (D:6)
  A white imp (D:6)
  2 ufetubi
  An adder zombie (Ossuary)
  A worm (D:4)
  5 dart slugs
  3 orcs
  8 ball pythons
  4 bats
  5 endoplasms
  A giant cockroach (D:2)
  3 goblins
  8 hobgoblins
  3 jackals (D:3)
  8 kobolds
  2 quokkas
  7 frilled lizards
  3 gnoll zombies (Ossuary)
  A goblin zombie (Ossuary)
  2 hobgoblin zombies (Ossuary)
  A kobold zombie (Ossuary)
  8 rats
  2 rat zombies (Ossuary)
114 creatures vanquished.

Notes
Turn   | Place    | Note
-------+----------+-------------------------------------------
     0 | Abyss:1  | Godmorgon the Formicid Abyssal Knight began the quest for
                  | the Orb.
     0 | Abyss:1  | Reached XP level 1. HP: 18/18 MP: 2/2
     1 | D:1      | Escaped the Abyss
   115 | D:1      | Reached XP level 2. HP: 22/24 MP: 3/3
   700 | D:1      | Reached skill level 1 in Throwing
   808 | D:1      | Reached XP level 3. HP: 28/29 MP: 4/4
   954 | D:1      | Found a faded altar of an unknown god.
  1289 | D:2      | Noticed Terence
  1336 | D:2      | Reached *** piety under Lugonu
  1440 | D:2      | Noticed Jessica
  1449 | D:2      | Killed Jessica
  1450 | D:2      | Reached skill level 3 in Maces & Flails
  1450 | D:2      | Reached XP level 4. HP: 22/37 MP: 6/6
  1783 | D:2      | Killed Terence
  1784 | D:2      | Reached XP level 5. HP: 36/42 MP: 7/7
  2324 | D:3      | Noticed Sigmund
  2331 | D:3      | Found Orots's One-of-a-Kind Rings.
  2337 | D:3      | Killed Sigmund
  2338 | D:3      | Reached skill level 4 in Maces & Flails
  2338 | D:3      | Reached XP level 6. HP: 37/48 MP: 8/8
  2514 | D:3      | Found a sacrificial altar of Ru.
  2877 | D:4      | Found a shadowy altar of Dithmenos.
  3240 | D:4      | Reached XP level 7. HP: 55/55 MP: 9/9
  3303 | D:4      | Found a stormy altar of Qazlal.
  3305 | D:4      | Noticed an air elemental
  3306 | D:4      | Noticed a fire elemental
  3306 | D:4      | Noticed a water elemental
  4053 | D:5      | Entered Level 5 of the Dungeon
  4472 | D:5      | Noticed Menkaure
  4489 | D:5      | Killed Menkaure
  4490 | D:5      | Reached skill level 5 in Maces & Flails
  4655 | D:5      | Found Usenlar's Book Boutique.
  4995 | D:6      | Reached skill level 5 in Fighting
  4995 | D:6      | Reached XP level 8. HP: 51/62 MP: 11/11
  5051 | D:6      | Found a white marble altar of Elyvilon.
  5052 | D:6      | Found a glowing silver altar of Zin.
  5338 | D:6      | Found a burning altar of Makhleb.
  5427 | D:6      | Reached **** piety under Lugonu
  5524 | D:6      | Found a sand-covered staircase.
  5535 | Ossuary  | Entered an ossuary
  5584 | Ossuary  | Reached skill level 5 in Throwing
  5600 | Ossuary  | Reached skill level 5 in Invocations
  6169 | D:6      | Found an iron altar of Okawaru.
  6234 | D:6      | Reached skill level 6 in Maces & Flails
  6420 | D:6      | Found a snail-covered altar of Cheibriados.
  6735 | D:7      | HP: 3/64 [orc priest/+0 flail (5)]
  6735 | D:7      | HP: 1/64 [orc wizard/+0 dagger (2)]
  6736 | D:7      | Killed from afar by an orc priest

Illustrated notes

Levels and vault maps discovered:
D:1:      grunt_arrival_crossed_arrows, layout_basic,
          hellmonk_ecumenical_altar_zigzags, hex_tiny
D:2:      layout_rooms, serial_curves, eino_curves_02, eino_curves_03,
          kennysheep_cross_bottleneck, uniq_jessica, uniq_terence
D:3:      layout_rooms, nicolae_ru_great_annihilating_truth,
          nicolae_shop_unique_rings, kennysheep_another_room, dk_noncrumbling_4,
          uniq_sigmund
D:4:      layout_basic, grunt_dithmenos_smoke_and_mirrors,
          nicolae_qazlal_style_of_elements
D:5:      layout_basic, serial_shops, shop_coins,
          hangedman_abyss_or_decor_lesser_grid, uniq_menkaure
D:6:      layout_cave_pools, mainiacjoe_overflow_24_doors, slow_altar_2,
          kennysheep_okawaru_gauntlet, grunt_temple_overflow_open,
          gup_ossuary_entry_pyramid, minmay_fractal_squares_5
D:7:      layout_layer_cave, led_xom_imps, nemelex_diamond_rough_becter,
          minmay_temple_entry_glass, corexii_item_surrounded_by_moat,
          st_stairs_9

Skill      XL: |  1  2  3  4  5  6  7  8 |
---------------+-------------------------+-----
Throwing       | 1 2 3 4 5 |  5.6
Maces & Flails | 3 4 5 6 |  6.2
Invocations    | 3 4 5 |  5.3
Fighting       | 4 5 |  5.6
Armour         | |  2.1
Dodging        | |  0.8

Action                   |  1- 3 |  4- 6 |  7- 9 || total
-------------------------+-------+-------+-------++-------
Melee: Mace              |    81 |    32 |       ||   113
       Flail             |       |    68 |   181 ||   249
Throw: Dart              |     1 |     7 |    25 ||    33
       Stone             |       |       |    17 ||    17
       Javelin           |       |       |     3 ||     3
Invok: Banish            |       |       |     1 ||     1
Evoke: Wand              |       |       |     3 ||     3
  Use: Scroll            |       |       |     6 ||     6
 Stab: Paralysed         |       |     2 |       ||     2
Armor: Leather armour    |     1 |       |       ||     1
       Ring mail         |    18 |       |       ||    18
       Scale mail        |     9 |    43 |    81 ||   133
Dodge: Dodged            |    33 |    48 |    91 ||   172
